 Dungeon Crawl Stone Soup version 0.21.1-1-g345015fe64 (webtiles) character file.

1984 NullDivider the Covert (level 9, -4/93 HPs)
             Began as an Octopode Assassin on May 9, 2018.
             Was an Initiate of Gozag.
             Slain by a bullfrog (8 damage)
             ... on level 7 of the Dungeon.
             The game lasted 00:30:03 (8120 turns).

NullDivider the Covert (Octopode Assassin)          Turns: 8120, Time: 00:30:04

Health: -4/93      AC:  1    Str: 15    XL:     9   Next: 21%
Magic:  9/9        EV: 17    Int: 14    God:    Gozag
Gold:   191        SH:  0    Dex: 16    Spells: 8/8 levels left

rFire    . . .     SeeInvis .   r - +2 dagger (venom)
rCold    . . .     Gourm    .   (no shield)
rNeg     + + .     Faith    .   (helmet restricted)
rPois    .         Spirit   .   (no amulet)
rElec    .         Reflect  .   q - ring of positive energy
rCorr    .         Harm     .   h - ring of positive energy
MR       .....                  x - ring of stealth
Stlth    ..........             (no ring)
HPRegen  0.25/turn              (no ring)
MPRegen  0.11/turn              (no ring)
                                (no ring)
                                (no ring)

@: berserking, gold aura, very quick
A: almost no armour, stealthy swim, amphibious, 8 rings, constrict 8, camouflage
1, gelatinous body 1
a: Potion Petition, Call Merchant, Bribe Branch, Renounce Religion


You were on level 7 of the Dungeon.
You worshipped Gozag.
Gozag was aware of your devotion.
You were near starving.

You visited 2 branches of the dungeon, and saw 8 of its levels.

You collected 283 gold pieces.
You paid 92 gold pieces to Gozag.

Inventory:

Hand Weapons
 a - a +2 dagger
 b - a +0 blowgun
 r - a +2 dagger of venom (weapon)
Missiles
 c - 38 poisoned needles
 d - 2 curare-tipped needles
Jewellery
 h - a ring of positive energy (right tentacle)
 q - a ring of positive energy (left tentacle)
 t - an uncursed amulet of guardian spirit {unknown}
 x - a ring of stealth (on tentacle)
Wands
 i - a wand of iceblast (8)
 v - a wand of flame (5)
Scrolls
 e - 2 scrolls of blinking
 j - 5 scrolls of teleportation
 n - 3 scrolls of amnesia
 o - 6 scrolls of remove curse
 w - a scroll of fog {unknown}
 y - a scroll of noise {unknown}
Potions
 g - 3 potions of magic
 k - 2 potions of lignification
 l - 2 potions of berserk rage
 m - a potion of degeneration {unknown}
 p - 3 potions of ambrosia {unknown}
 s - 2 potions of haste {unknown}
 z - 2 potions of brilliance {unknown}
 A - 2 potions of invisibility {unknown}
Comestibles
 f - 6 rations


   Skills:
 * Level 6.1 Fighting
 * Level 6.1 Short Blades
 + Level 4.4 Throwing
 * Level 5.9 Dodging
 + Level 8.0 Stealth


You had 8 spell levels left.
You didn't know any spells.

Dungeon Overview and Level Annotations

Branches:
Dungeon (7/15)             Temple (1/1) D:7

Altars:
Cheibriados
Elyvilon
Fedhas
Gozag
Hepliaklqana
Trog
Uskayaw
Vehumet
Yredelemnul
Zin
The Shining One

Shops:
D:5 *   D:6 (

Annotations:
D:3 Tegun's ghost, amateur OgWz


Innate Abilities, Weirdness & Mutations

You cannot wear most types of armour.
You are very stealthy in the water. (Stealth+)
You are amphibious.
You can wear up to eight rings at the same time.
You can use your tentacles to constrict eight enemies at once.
Your skin changes colour to match your surroundings (Stealth+).
Your rubbery body absorbs attacks. (AC +1, EV +1)


Message History

The orc warrior looks as sick as possible!
The orc warrior is almost dead.
You constrict the orc warrior, but do no damage.
The orc warrior hits you with a mace!
You are too injured to fight recklessly!
You hit the orc warrior but do no damage.
The orc warrior looks as sick as possible!
Your squeeze misses the orc warrior.
The orc warrior is almost dead.
You constrict the orc warrior. The orc warrior hits you with a mace!!
* * * LOW HITPOINT WARNING * * *
You release your grip on the orc warrior.
You kill the orc warrior!
Your Stealth skill increases to level 8!
The bullfrog hits you.
* * * LOW HITPOINT WARNING * * *
A red film seems to cover your vision as you go berserk!
You feel yourself moving faster!
You feel mighty! The bullfrog hits you!
You die...
Your body crumbles into a pile of gold.

#...$.# .# #.........# # .
#.....##....# ##.........###
..#.[..$##.... ..#.........+..
.......$+....# #.#.........###
.##.....##...# #.#.........# #
........###.####.#.....>...###
.......$#........#.##.......##
.#.....#..o......#. #.).....##
...........oF@...#.##.......#
##.....#.##.####.#.##.......##
#.....#....# ##.#.###+##.....
#....%###### #......#+##.(.##
###### #..#..........#
#.............#
#.####........#
#.............#
#.#####.......#


You could see a bullfrog and 2 orcs.

Vanquished Creatures
  A hippogriff (D:7)
  Eustachio (D:5)
  A water moccasin (D:6)
  An orc warrior (D:7)
  A phantom (D:6)
  2 ogres
  A sky beast (D:5)
  A centaur (D:5)
  2 bullfrogs (D:6)
  4 killer bees (D:7)
  A howler monkey (D:3)
  2 crimson imps
  A bullfrog zombie (D:7)
  A centaur skeleton (D:5)
  A gnoll shaman (D:6)
  An orc priest (D:5)
  2 orc wizards (D:5)
  Ijyb (D:5)
  4 worker ants
  7 gnolls
  11 adders
  3 shadow imps
  An ooze (D:3)
  An adder zombie (D:5)
  2 adder skeletons
  3 worms
  3 dart slugs
  5 leopard geckos
  16 orcs
  A ball python (D:5)
  8 bats
  5 giant cockroaches
  6 goblins
  5 hobgoblins
  8 jackals
  A quokka (D:5)
  A frilled lizard (D:2)
  5 kobolds
  A quokka skeleton (D:5)
  7 rats
129 creatures vanquished.

Notes
Turn   | Place    | Note
-------+----------+-------------------------------------------
     0 | D:1      | NullDivider the Octopode Assassin began the quest for the Orb.
     0 | D:1      | Reached XP level 1. HP: 14/14 MP: 1/1
   209 | D:1      | Reached XP level 2. HP: 19/19 MP: 2/2
  1148 | D:2      | Reached XP level 3. HP: 23/25 MP: 3/3
  1447 | D:2      | Reached XP level 4. HP: 30/30 MP: 4/4
  1536 | D:2      | Found a radiant altar of Vehumet.
  2140 | D:3      | Reached XP level 5. HP: 29/36 MP: 5/5
  2325 | D:3      | Noticed Tegun's ghost (amateur OgWz)
  3217 | D:4      | Noticed an ogre
  3291 | D:4      | Killed an ogre
  3291 | D:4      | Reached skill level 6 in Stealth
  3291 | D:4      | Reached XP level 6. HP: 15/42 MP: 6/6
  3810 | D:5      | Entered Level 5 of the Dungeon
  4387 | D:5      | Noticed Eustachio
  4758 | D:5      | Reached XP level 7. HP: 48/48 MP: 7/7
  4810 | D:5      | Killed Eustachio
  4882 | D:5      | Noticed Ijyb
  4903 | D:5      | Killed Ijyb
  5200 | D:5      | Found Azijiry's Elemental Accessories.
  5387 | D:5      | Reached XP level 8. HP: 54/54 MP: 8/8
  5469 | D:5      | Reached skill level 7 in Stealth
  5535 | D:6      | Reached skill level 5 in Fighting
  5535 | D:6      | Reached skill level 5 in Short Blades
  5825 | D:6      | Found Solieg's Antique Weapon Emporium.
  6129 | D:6      | Reached skill level 5 in Dodging
  7116 | D:7      | Noticed a dagger
  7117 | D:7      | Noticed a dagger
  7119 | D:7      | Found a hide-covered altar of Uskayaw.
  7290 | D:7      | Noticed a hippogriff
  7354 | D:7      | Killed a hippogriff
  7354 | D:7      | Reached XP level 9. HP: 8/62 MP: 9/9
  7759 | D:7      | Found a staircase to the Ecumenical Temple.
  8049 | Temple   | Entered the Ecumenical Temple
  8057 | Temple   | Became a worshipper of Gozag Ym Sagoz the Greedy
  8115 | D:7      | Reached skill level 8 in Stealth
  8118 | D:7      | HP: 2/62 [bullfrog (6)]
  8120 | D:7      | Slain by a bullfrog

Skill      XL: |  1  2  3  4  5  6  7  8  9 |
---------------+----------------------------+-----
Dodging        | 2 3 4 5 |  5.9
Fighting       | 3 4 5 6 |  6.1
Short Blades   | 3 4 5 6 |  6.1
Stealth        | 6 7 8 |  8.0
Throwing       | 3 4 |  4.4

Action                   |  1- 3 |  4- 6 |  7- 9 || total
-------------------------+-------+-------+-------++-------
Melee: Dagger            |    40 |   123 |   171 ||   334
       Constrict         |     8 |    31 |    30 ||    69
       Tentacles         |     3 |    20 |    34 ||    57
 Fire: Blowgun           |       |     2 |    24 ||    26
Evoke: Wand              |       |       |     9 ||     9
  Use: Scroll            |       |    10 |     2 ||    12
       Potion            |       |       |     3 ||     3
 Stab: Sleeping          |    11 |    16 |    10 ||    37
  Eat: Chunk             |     2 |     6 |     9 ||    17
       Ration            |       |     1 |       ||     1
Armor: Skin              |     1 |     9 |    82 ||    92
Dodge: Dodged            |    19 |    72 |    98 ||   189
